 Dungeon Sprint DCSS version 0.28.0-53-g5a82cb258f (webtiles) character file.

Game seed: 5428360089325162681

794 Zeld the Cleaver (level 7, 0/77 HPs)
             Began as a Minotaur Berserker on June 4, 2022.
             Was a Believer of Trog.
             Slain by a kobold demonologist
             ... wielding a +0 dagger
              (2 damage)
             ... in the Dungeon (Sprint I: "Red Sonja").
             The game lasted 00:00:37 (540 turns).

Zeld the Cleaver (Minotaur Berserker)                Turns: 540, Time: 00:00:38

Health: 0/77       AC:  2    Str: 23    XL:     7   Next: 58%
Magic:  4/6        EV: 14    Int:  4    God:    Trog [**....]
Gold:   270        SH:  0    Dex: 10    Spells: 6/6 levels left

rFire   . . .      SeeInvis .   a - +0 hand axe
rCold   . . .      Faith    .   (no shield)
rNeg    . . .      Spirit   .   b - +0 animal skin
rPois   .          Reflect  .   (helmet restricted)
rElec   .          Harm     .   (no cloak)
rCorr   .          Rampage  .   (no gloves)
Will    ++...      NoTele   +   (no boots)
Stlth   +.........              (no amulet)
HPRegen 1.22/turn               (no ring)
MPRegen 0.10/turn               (no ring)

@: strong-willed, on berserk cooldown, regenerating, slowed, very slow
A: horns 2, retaliatory headbutt
a: Renounce Religion, Berserk, Trog's Hand


You were in the Dungeon.
You worshipped Trog.
Trog was pleased with you.
You visited 1 branch You collected 270 gold pieces.

Inventory:

Hand Weapons
 a - a +0 hand axe (weapon)
Armour
 b - a +0 animal skin (worn)
Wands
 i - a wand of mindburst (15)
Scrolls
 h - a scroll of blinking
Potions
 c - a potion of curing
 d - a potion of heal wounds
 e - a potion of haste
 f - 2 potions of magic
 g - a potion of berserk rage
 j - 2 potions of ambrosia {unknown}


   Skills:
 * Level 12.1 Fighting
 * Level 12.2 Axes
 + Level 8.5 Armour
 + Level 7.7 Dodging


You had 6 spell levels left.
You didn't know any spells.
Your spell library was empty.

Dungeon Overview and Level Annotations

Branches:
Dungeon (1/1)

Altars:
Makhleb
Xom
Jiyva
Lugonu


Innate Abilities, Weirdness & Mutations

You have a pair of horns on your head.
You reflexively headbutt those who attack you in melee.


Message History

You feel yourself slow down.
The crimson imp blinks!
There is an open door here.
The kobold demonologist casts a spell.
You close the door.
A chaos spawn breaks down the door.
It's broken and can't be closed.
It's broken and can't be closed.
The kobold demonologist casts a cantrip, but nothing happens.
There is an open door here.
You close the door.
A chaos spawn breaks down the door.
The crimson imp blinks!
The ufetubus hits you.
* * * LOW HITPOINT WARNING * * *
The ufetubus misses you. The ufetubus hits you.
* * * LOW HITPOINT WARNING * * *
The ufetubus misses you.
The chaos spawn degenerates into a cloud of primal chaos!
The ufetubus closely misses you. The ufetubus completely misses you.
There is an open door here.
The ufetubus hits you but does no damage. x2
You hit the ufetubus. You headbutt the ufetubus.
You kill the ufetubus!
The ufetubus disappears in a puff of smoke!
The kobold demonologist casts a spell.
Something is blocking the doorway!
Something hits you.
* * * LOW HITPOINT WARNING * * *
Deactivating autopickup; reactivate with Ctrl-A.
Something hits you.
* * * LOW HITPOINT WARNING * * *
Things that are here:
a +0 scythe; a +0 robe; the human skeleton of Sigmund The shadow imp grinds its teeth.
There is an open door here.
The kobold demonologist closely misses you.
You barely miss the kobold demonologist.
Your headbutt misses the kobold demonologist.
The kobold demonologist hits you with a +0 dagger.
* * * LOW HITPOINT WARNING * * *
Your skin crawls.
You feel strong-willed.
The kobold demonologist hits you with a +0 dagger.
You die...

#########################
#<.#..)..#.55..#__#..')..
#..').#§@K).#..§K5'..#§..
#..#####'#####+#__####...
#..# #..# #### ### #..#
#### #..# #⌠⌠# ####


You could see a kobold demonologist, an iron imp (summoned) and a shadow imp
(summoned).

Vanquished Creatures
  A kobold demonologist (D)
  A slime creature (D)
  Sigmund (D)
  A floating eye (D)
  An ogre (D)
  Ijyb (D)
6 creatures vanquished.

Notes
Turn   | Place    | Note
-------+----------+-------------------------------------------
     0 | D        | Zeld the Minotaur Berserker began the quest for the Orb.
     0 | D        | Reached XP level 1. HP: 19/19 MP: 0/0
     2 | D        | Noticed Ijyb
    10 | D        | Killed Ijyb
    11 | D        | Reached skill level 5 in Fighting
    11 | D        | Reached skill level 5 in Axes
    11 | D        | Reached XP level 2. HP: 29/29 MP: 1/1
   254 | D        | Noticed an ogre
   257 | D        | Killed an ogre
   258 | D        | Reached XP level 3. HP: 39/39 MP: 2/2
   258 | D        | Reached XP level 4. HP: 47/47 MP: 3/3
   310 | D        | Noticed Sigmund
   313 | D        | Killed Sigmund
   313 | D        | Reached ** piety under Trog
   314 | D        | Reached skill level 5 in Dodging
   314 | D        | Reached XP level 5. HP: 57/57 MP: 4/4
   432 | D        | Found a burning altar of Makhleb.
   432 | D        | Found a viscous altar of Jiyva.
   432 | D        | Found a shimmering altar of Xom.
   432 | D        | Found a corrupted altar of Lugonu.
   432 | D        | Noticed a slime creature
   437 | D        | Killed a slime creature
   438 | D        | Reached skill level 10 in Fighting
   438 | D        | Reached skill level 10 in Axes
   438 | D        | Reached XP level 6. HP: 67/67 MP: 5/5
   504 | D        | Noticed a kobold demonologist
   504 | D        | Noticed a floating eye
   505 | D        | Noticed a kobold demonologist
   506 | D        | Noticed an orange demon
   506 | D        | Noticed a chaos spawn
   507 | D        | Noticed an ice devil
   507 | D        | Killed a floating eye
   508 | D        | Reached XP level 7. HP: 74/74 MP: 6/6
   515 | D        | Killed a kobold demonologist
   515 | D        | Reached *** piety under Trog
   539 | D        | HP: 1/77 [kobold demonologist/+0 dagger (4)]
   540 | D        | Slain by a kobold demonologist

Illustrated notes

Levels and vault maps discovered:
D:        dungeon_sprint_1 [red_sonja_temple_1, red_sonja_temple_small_1]

Skill      XL: |  1  2  3  4  5  6  7 |
---------------+----------------------+-----
Fighting       | 5 7 9 10 11 12 | 12.1
Axes           | 5 7 9 10 11 12 | 12.2
Armour         | 3 4 6 7 8 |  8.5
Dodging        | 3 4 5 6 7 |  7.7

Action                   |  1- 3 |  4- 6 |  7- 9 || total
-------------------------+-------+-------+-------++-------
Melee: Hand axe          |     8 |     6 |    16 ||    30
       Headbutt          |     2 |     2 |     4 ||     8
Invok: Berserk           |     2 |     3 |       ||     5
       Trog's Hand       |       |       |     1 ||     1
Armor: Animal skin       |       |       |     2 ||     2
Dodge: Dodged            |     2 |     2 |    11 ||    15
